 Dungeon Crawl Stone Soup version 0.22.1-1-ga44c0e56f4 (webtiles) character file.

1841 Grim the Martial Artist (level 9, -2/53 HPs)
             Began as an Octopode Transmuter on Oct 20, 2018.
             Was a Follower of Cheibriados.
             Killed by divine providence
             ... invoked by an orc priest
              (9 damage)
             ... on level 6 of the Dungeon.
             The game lasted 00:15:40 (7613 turns).

Grim the Martial Artist (Octopode Transmuter)       Turns: 7613, Time: 00:15:41

Health: -2/53      AC:  2    Str: 15    XL:     9   Next: 12%
Magic:  0/12       EV: 20    Int: 20    God:    Cheibriados [*.....]
Gold:   308        SH:  0    Dex: 20    Spells: 6/12 levels left

rFire    . . .     SeeInvis .     - Unarmed
rCold    . . .     Gourm    .   (shield currently unavailable)
rNeg     . . .     Faith    .   (helmet currently unavailable)
rPois    x         Spirit   +   s - amulet of guardian spirit
rElec    .         Reflect  .   m - +4 ring of strength
rCorr    .         Harm     .   o - ring of attention (curse)
MR       .....                  (no ring)
Stlth    +.........             (no ring)
HPRegen  0.17/turn              (no ring)
MPRegen  0.13/turn              (no ring)
                                (no ring)
                                (no ring)

@: about to teleport, spider-form (expiring), very slow
A: tiny, almost no armour, stealthy swim, (amphibious), 8 rings, (constrict 8)
a: End Transformation, Bend Time, Renounce Religion


You were on level 6 of the Dungeon.
You worshipped Cheibriados.
Cheibriados was aware of your devotion.
You were not hungry.
You were a venomous arachnid creature.
You visited 2 branches of the dungeon, and saw 7 of its levels.

You collected 308 gold pieces.

Inventory:

Missiles
 a - 115 arrows
Jewellery
 m - a +4 ring of strength (left front leg)
 o - a cursed ring of attention (right front leg)
 s - an amulet of guardian spirit (around neck)
Wands
 v - a wand of enslavement (9)
 x - a wand of flame (39)
Scrolls
 d - a scroll of fear {unknown}
 i - a scroll of blinking {unknown}
 j - 4 scrolls of teleportation
 n - a scroll of enchant weapon {unknown}
 p - 3 scrolls of amnesia {unknown}
 r - a scroll of fog {unknown}
 u - a scroll of torment {unknown}
 w - a scroll of remove curse {unknown}
Potions
 b - a potion of might {unknown}
 k - a potion of curing
 l - a potion of degeneration
 q - a potion of mutation
 t - a potion of lignification {unknown}
Comestibles
 c - 8 rations
 f - 4 chunks of flesh


   Skills:
 - Level 1.0 Fighting
 - Level 2.0 Dodging
 + Level 8.5 Unarmed Combat
 - Level 2.0 Spellcasting
 + Level 7.6 Transmutations
 - Level 4.4 Poison Magic


You had 6 spell levels left.
You knew the following spells:

 Your Spells              Type           Power        Failure   Level  Hunger
a - Beastly Appendage     Tmut           ####..       4%          1    #......
b - Sticks to Snakes      Tmut           ####....     5%          2    ##.....
c - Spider Form           Tmut/Pois      ####......   13%         3    ###....

Your spell library contained the following spells:

 Spells                   Type           Power        Failure   Level  Hunger
 Animate Skeleton         Necr           N/A          34%         1    #......
 Corona                   Hex            #......      34%         1    #......
 Pain                     Necr           #...         34%         1    #......
 Blade Hands              Tmut           ####......   38%         5    ######.
 Ensorcelled Hibernation  Hex/Ice        #.....       45%         2    ##.....
 Ice Form                 Ice/Tmut       ###.....     54%         4    #####..
 Confuse                  Hex            #.......     65%         3    ###....
 Dazzling Spray           Conj/Hex       #.....       65%         3    ###....
 Regeneration             Chrm/Necr      #.........   65%         3    ###....
 Tukima's Dance           Hex            #.......     65%         3    ###....
 Vampiric Draining        Necr           #.........   65%         3    ###....
 Animate Dead             Necr           N/A          94%         4    #####..


Dungeon Overview and Level Annotations

Branches:
Dungeon (6/15)             Temple (1/1) D:4

Altars:
Ashenzari
Cheibriados
Dithmenos
Elyvilon
Fedhas
Hepliaklqana
Kikubaaqudgha
Makhleb
Okawaru
Qazlal
Ru
Sif Muna
Trog
Uskayaw
Vehumet
Wu Jian
Xom
Yredelemnul
The Shining One

Shops:
D:4 !


Innate Abilities, Weirdness & Mutations

You cannot wear most types of armour.
You are very stealthy in the water. (Stealth+)
((You are amphibious.))
You can wear up to eight rings at the same time.
((You can use your tentacles to constrict eight enemies at once.))
((Your skin changes colour to match your surroundings (Stealth+).))
((Your rubbery body absorbs attacks. (AC +1, EV +1)))


Message History

The orc priest closely misses you.
You hit the orc priest.
You kill the orc priest!
Cheibriados appreciates the change of pace.
Your surroundings seem slightly different.
The orc wizard hits you but does no damage.
Found a short sword.
As you read the scroll of teleportation, it crumbles to dust.
You feel strangely unstable. The orc wizard completely misses you.
The orc priest misses you.
The orc priest calls down the wrath of Beogh upon you.
Beogh smites you!
* * * LOW HITPOINT WARNING * * *
You feel better. The orc wizard casts a spell at you.
You easily resist.
The orc priest hits you with a whip.
* * * LOW HITPOINT WARNING * * *
The orc priest mumbles some strange prayers to Beogh against you.
Beogh smites you!
You die...

.....#### *,* **,*** ####....#
#.# *,* ####.# #.# *,* #.#
*##.#**** **+** #.# *....,,,#
**,,,** ###.#
*.#.##*.###***,,,,,* * ##.#.#
#.#..,.)...**,,,,,,,
####....######.#.#...##.*,,,,,,,,
+............†oos.......+,,,,,,,,
####....######.oo....##.*,,,,,,,,
* ##.#.# ##.....##*,**,,,,,,,
###.# #...#.# *,***,,,,,* #.#
##.##.# *,* **,,,** #.#
#.#*,#**,* **+** #.# #..,,,,,,*
*,* * #.# ####,***** *,*
*******,* *,* **,**


You could see 2 orc priests, an orc wizard and an orc.

Vanquished Creatures
  2 centaur zombies
  An orc warrior (D:6)
  A black bear (D:6)
  2 ogres
  A centaur (D:5)
  2 bullfrogs (D:6)
  4 scorpions
  5 crimson imps (D:5)
  An orc wizard (D:3)
  3 orc priests (D:6)
  A bullfrog skeleton (D:3)
  A centaur skeleton (D:4)
  2 hounds
  An iguana (D:6)
  6 worker ants
  3 adders
  2 oozes (D:2)
  An adder skeleton (D:5)
  5 worms
  3 dart slugs
  10 leopard geckos
  9 orcs
  4 bats
  8 giant cockroaches
  7 goblins
  9 hobgoblins
  6 jackals
  9 kobolds
  4 quokkas
  2 ball pythons
  4 frilled lizards
  A jackal skeleton (D:4)
  7 rats
127 creatures vanquished.

Notes
Turn   | Place    | Note
-------+----------+-------------------------------------------
     0 | D:1      | Grim the Octopode Transmuter began the quest for the Orb.
     0 | D:1      | Reached XP level 1. HP: 13/13 MP: 3/3
   312 | D:1      | Reached XP level 2. HP: 8/18 MP: 3/5
   769 | D:1      | Reached XP level 3. HP: 15/23 MP: 4/6
   964 | D:2      | Found a bloodstained altar of Trog.
  1002 | D:2      | Found a glowing golden altar of the Shining One.
  1130 | D:2      | Found a hide-covered altar of Uskayaw.
  1131 | D:2      | Noticed a hand axe
  1131 | D:2      | Noticed a hand axe
  1833 | D:2      | Learned a level 2 spell: Sticks to Snakes
  2081 | D:2      | Learned a level 3 spell: Spider Form
  2179 | D:2      | Reached XP level 4. HP: 28/28 MP: 7/7
  2250 | D:2      | Reached skill level 4 in Unarmed Combat
  2939 | D:3      | Reached XP level 5. HP: 29/33 MP: 8/8
  3497 | D:4      | Found Zasaumoe's Distillery.
  3522 | D:4      | Reached skill level 1 in Poison Magic
  3692 | D:4      | Noticed an ogre
  3700 | D:4      | Reached skill level 5 in Unarmed Combat
  3700 | D:4      | Reached XP level 6. HP: 38/38 MP: 5/9
  4211 | D:4      | Reached XP level 7. HP: 16/43 MP: 1/10
  4221 | D:4      | HP: 2/43 [poisoned by an adder]
  4251 | D:4      | Found a glowing drain.
  4764 | D:4      | Found a staircase to the Ecumenical Temple.
  4955 | Temple   | Entered the Ecumenical Temple
  5122 | Temple   | Became a worshipper of Cheibriados the Contemplative
  5636 | D:5      | Entered Level 5 of the Dungeon
  5867 | D:5      | Reached skill level 6 in Unarmed Combat
  6093 | D:5      | Reached skill level 5 in Transmutations
  6093 | D:5      | Reached XP level 8. HP: 13/48 MP: 0/11
  6406 | D:5      | Reached skill level 7 in Unarmed Combat
  7113 | D:6      | Reached * piety under Cheibriados
  7136 | D:6      | Reached skill level 8 in Unarmed Combat
  7429 | D:6      | Reached XP level 9. HP: 51/53 MP: 8/12
  7612 | D:6      | HP: 1/53 [orc priest/divine providence (13)]
  7613 | D:6      | Killed from afar by an orc priest

Skill      XL: |  1  2  3  4  5  6  7  8 |
---------------+-------------------------+-----
Transmutations | 3 4 5 7 |  7.6
Unarmed Combat | 4 5 6 8 |  8.5
Poison Magic   | 1 4 |  4.4
Fighting       | |  1.0
Dodging        | |  2.0
Spellcasting   | |  2.0

Action                   |  1- 3 |  4- 6 |  7- 9 || total
-------------------------+-------+-------+-------++-------
Melee: Unarmed           |    73 |   123 |   123 ||   319
       Constrict         |    24 |    30 |    17 ||    71
       Kick              |    20 |    12 |    12 ||    44
       Tentacles         |    10 |     7 |    15 ||    32
       Punch             |     1 |     3 |     5 ||     9
 Cast: Beastly Appendage |    21 |     3 |     9 ||    33
       Spider Form       |     1 |     6 |     8 ||    15
       Sticks to Snakes  |     1 |       |       ||     1
  Use: Scroll            |       |       |     9 ||     9
       Potion            |       |       |     5 ||     5
 Stab: Sleeping          |    12 |     6 |       ||    18
  Eat: Chunk             |     4 |    12 |     7 ||    23
       Ration            |       |       |     2 ||     2
Armor: Skin              |     2 |     6 |     7 ||    15
Dodge: Dodged            |    23 |    89 |   103 ||   215
